 Dungeon Crawl Stone Soup version 0.29.1-12-g30fa7ad0bf (webtiles) character file.

Game seed: 2257929944027146848

9 KittyFluff the Covered (level 2, -1/19 HPs)
             Began as a Gargoyle Fighter on Dec 27, 2022.
             Slain by an adder (2 damage)
             ... on level 1 of the Dungeon.
             The game lasted 00:02:33 (464 turns).

KittyFluff the Covered (Gargoyle Fighter)            Turns: 464, Time: 00:02:34

Health: -1/19      AC:  6    Str: 19    XL:     2   Next: 16%
Magic:  2/2        EV: 10    Int:  8    God:
Gold:   65         SH:  4    Dex:  9    Spells: 1/1 levels left

rFire   . . .      SeeInvis .   a - +0 flail
rCold   . . .      Faith    .   c - +0 buckler
rNeg    + . .      Spirit   .   g - +0 leather armour
rPois   ∞          Reflect  .   (no helmet)
rElec   +          Harm     .   (no cloak)
rCorr   .          Rampage  .   (no gloves)
Will    .....                   (no boots)
Stlth   +.........              (no amulet)
HPRegen 0.06/turn               (no ring)
MPRegen 0.08/turn               (no ring)

@: no status effects
A: sickness immunity, AC +2, negative energy resistance 1, electricity
resistance, torment resistance 1, petrification resistance
a: no special abilities


You were on level 1 of the Dungeon.
You visited 1 branch of the dungeon, and saw 2 of its levels.

You collected 65 gold pieces.

Inventory:

Hand Weapons
 a - a +0 flail (weapon)
Missiles
 f - 20 stones (quivered)
Armour
 b - a +0 scale mail
 c - a +0 buckler (worn)
 g - a +0 leather armour (worn)
Scrolls
 k - a scroll of acquirement {unknown}
Potions
 d - 4 potions of might
 e - a potion of mutation {unknown}
 h - a potion of resistance {unknown}
 i - a potion of curing {unknown}
 j - a potion of attraction {unknown}


   Skills:
 + Level 3.4 Fighting
 + Level 2.0 Maces & Flails
 * Level 3.7 Armour
 + Level 0.5 Stealth
 * Level 3.3 Shields


You had one spell level left.
You didn't know any spells.
Your spell library was empty.

Dungeon Overview and Level Annotations

Branches:
Dungeon (2/15)

Altars:

Shops:
D:2 [


Innate Abilities, Weirdness & Mutations

You are immune to sickness and miasma.
Your stone body is resilient. (AC +2)
You are immune to poison.
You resist negative energy. (rN+)
You are resistant to electric shocks. (rElec)
You are resistant to unholy torment.
You are immune to petrification.


Message History

HP restored.
There is a stone staircase leading down here.
You climb downwards.
The adder hisses angrily.
The gnoll shouts! x3
The endoplasm quivers.
Found four items.
Found Xeenouma's Armour Shop.
Found an escape hatch in the ceiling.
There is a stone staircase leading up here.
Throw: 21 stones
Press: ? - help, Q - select action Shift-Dir - straight line, f - adder
Aim: an adder (water, 32% to hit)
You throw a stone. The stone barely misses the adder.
The adder bites you but does no damage.
You closely miss the adder. The adder bites you but does no damage.
The adder completely misses you.
You closely miss the adder. The adder closely misses you.
The gnoll throws a throwing net.
You block the throwing net.
You miss the adder. The adder barely misses you.
The adder bites you but does no damage. You block the gnoll's attack.
The adder bites you but does no damage.
You climb upwards.
There is a stone staircase leading down here.
You closely miss the gnoll. The adder bites you.
The gnoll hits you with a +0 club. The gnoll closely misses you.
The adder bites you but does no damage. The gnoll closely misses you. x2
You hit the gnoll.
The gnoll is lightly wounded.
The adder barely misses you. The gnoll hits you with a +0 club. x2
* * * LOW HITPOINT WARNING * * *
The adder closely misses you. The gnoll attacks as you move away!
The gnoll hits you with a +0 club.
* * * LOW HITPOINT WARNING * * *
The adder bites you but does no damage. The gnoll closely misses you.
The gnoll attacks as you move away! The gnoll hits you with a +0 club.
* * * LOW HITPOINT WARNING * * *
The gnoll attacks as you move away! The gnoll hits you with a +0 club.
* * * LOW HITPOINT WARNING * * *
The adder bites you but does no damage. x2
The adder attacks as you move away! The adder bites you.
You die...

.....# .....#######
.....##....#####
#.#####....#...# #.#
#....#...###
#.#####..........#
......+.........g#
.....##..).....gS#
...............#@#
.....#.####†####.#
..#.##.####.####.#
..#.##...........#
###.#######..##..# .
.........#.....# #
#.######.#.....#
.........#.....#######
##.#########...........#


You could see 2 gnolls and an adder.

Vanquished Creatures
  A ball python (D:1)
  An endoplasm (D:1)
  2 giant cockroaches (D:1)
  A goblin (D:1)
  2 bats (D:1)
  A kobold (D:1)
  A rat (D:1)
9 creatures vanquished.

Notes
Turn   | Place    | Note
-------+----------+-------------------------------------------
     0 | D:1      | KittyFluff the Gargoyle Fighter began the quest for the
                  | Orb.
     0 | D:1      | Reached XP level 1. HP: 14/14 MP: 1/1
    77 | D:1      | Found a faded altar of an unknown god.
   395 | D:1      | Reached XP level 2. HP: 16/19 MP: 2/2
   453 | D:2      | Found Xeenouma's Armour Shop.
   464 | D:1      | Slain by an adder

Illustrated notes

Levels and vault maps discovered:
D:1:      matt_arrival_diagonals, layout_basic, basic_ecumenical_altar,
          minmay_tetromino_s2
D:2:      layout_rooms, serial_shops, shop, nicolae_shop_overgrown_old_shop,
          nicolae_shop_waterfront, shop, shop, nrook_mini_backslash,
          feat_on_display

Action                   || total
-------------------------++-------
Melee: Flail             ||    23
Throw: Stone             ||     1
Armor: Leather armour    ||    21
Dodge: Dodged            ||    19
Block: Buckler           ||     9
